 Dungeon Crawl Stone Soup version 0.17-a0-1262-gd250d98 (webtiles) character file.

160 Kidiri the Shield-Bearer (level 5, -2/46 HPs)
             Began as a Minotaur Fighter on June 6, 2015.
             Was an Initiate of Qazlal.
             Killed from afar by an orc wizard (4 damage)
             ... with a puff of flame
             ... on level 4 of the Dungeon.
             The game lasted 00:11:51 (2938 turns).

Kidiri the Shield-Bearer (Minotaur Fighter)         Turns: 2938, Time: 00:11:51

Health: -2/46      AC:  8    Str: 21    XL:     5   Next: 17%
Magic:  4/4        EV:  1    Int:  5    God:    Qazlal [......]
Gold:   172        SH:  9    Dex: 10    Spells: 0 memorised, 4 levels left

rFire  + . .     SeeInvis +     a - +1 long sword
rCold  + . .     Clarity  .     l - gold dragon hide
rNeg   . . .     SustAt   .     c - +0 shield
rPois  +         Gourm    .     (helmet restricted)
rElec  .         Spirit   .     h - +0 cloak
rCorr  .         Warding  .     (no gloves)
rMut   .         Stasis   .     (no boots)
MR     .....                    (no amulet)
Stlth  ..........               (no ring)
                                i - ring of see invisible

@: hasted, very quick, not resistant to hostile enchantments, extremely
unstealthy
A: retaliatory headbutt, horns 2
a: Renounce Religion


You were on level 4 of the Dungeon.
You worshipped Qazlal.
Qazlal was noncommittal.
You were not hungry.

You visited 1 branch of the dungeon, and saw 4 of its levels.

You collected 172 gold pieces.

Inventory:

Hand weapons
 a - a +1 long sword (weapon)
 g - a +1 short sword
Armour
 c - a +0 shield (worn)
 h - a +0 cloak (worn)
 l - a gold dragon hide (worn)
 y - a +3 scale mail
Jewellery
 i - a ring of see invisible (left hand)
Magical devices
 A - a wand of random effects (27)
Scrolls
 b - 2 scrolls of teleportation
 j - a scroll of blinking
 n - a scroll of magic mapping
Potions
 d - 2 potions of might
 e - a potion of mutation {unknown}
 f - a potion of agility
 m - a potion of brilliance
 o - a potion of ambrosia {unknown}
 p - a potion of cancellation {unknown}
 q - a potion of resistance {unknown}
 s - a potion of lignification {unknown}
 t - 2 potions of flight {unknown}
 w - 2 potions of curing {unknown}
Comestibles
 r - 2 fruits
 u - a chunk of flesh
 v - a royal jelly
 x - a beef jerky
 z - a slice of pizza


   Skills:
 + Level 4.2 Fighting
 * Level 4.4 Long Blades
 * Level 4.4 Armour
 * Level 4.8 Shields
 + Level 0.0 Invocations


You had 4 spell levels left.
You didn't know any spells.

Dungeon Overview and Level Annotations

Branches:
Dungeon (4/15)
 Temple: D:4-7

Altars:
Ashenzari
Elyvilon
Nemelex Xobeh
Qazlal
Sif Muna
Vehumet


Innate Abilities, Weirdness & Mutations

You reflexively headbutt those who attack you in melee.
You have a pair of horns on your head.


Message History

The orc wizard is severely wounded.
You block the iguana's attack. The orc hits you but does no damage.
You block the orc wizard's attack. You block the orc's attack.
Unknown command.
You closely miss the orc wizard. Your headbutt misses the orc wizard.
The orc wizard is severely wounded.
You block the iguana's attack. You block the orc's attack.
The orc wizard hits you with a dagger.
* * * LOW HITPOINT WARNING * * *
The orc hits you with a falchion.
* * * LOW HITPOINT WARNING * * *
The iguana bites you.
* * * LOW HITPOINT WARNING * * *
The orc hits you with a short sword.
* * * LOW HITPOINT WARNING * * *
Drink which item? (? for menu, Esc to quit)
You feel yourself speed up. The orc wizard casts a spell at you.
The puff of flame hits you! You resist.
You die...

##..........####
#.....#######
#...### #..##
#..# #..##
#...## .
##.ยง.####...
##o@o...?.#
##ol....##
#..".### ....##
#....# ###..#
#.. ... ....


You could see an iguana, an orc wizard (invisible) and 2 orcs.

Vanquished Creatures
  An orc wizard (D:3)
  5 adders
  2 worms
  2 giant geckos (D:3)
  8 orcs
  4 ball pythons
  8 goblins
  11 hobgoblins
  A quokka (D:3)
  8 bats
  5 giant cockroaches
  3 giant newts
  6 jackals
  6 kobolds
  9 rats
79 creatures vanquished.

Vanquished Creatures (others)
  An orc (D:3)
1 creature vanquished.

Grand Total: 80 creatures vanquished

Notes
Turn   | Place    | Note
--------------------------------------------------------------
     0 | D:1      | Kidiri the Minotaur Fighter began the quest for the Orb.
     0 | D:1      | Reached XP level 1. HP: 19/19 MP: 0/0
   365 | D:1      | Reached XP level 2. HP: 27/27 MP: 1/1
   377 | D:1      | Reached skill level 4 in Shields
   840 | D:2      | Found a shattered altar of Ashenzari.
   841 | D:2      | Found a deep blue altar of Sif Muna.
   986 | D:2      | Reached XP level 3. HP: 29/33 MP: 2/2
  1270 | D:2      | Reached XP level 4. HP: 37/40 MP: 3/3
  1276 | D:2      | Found a white marble altar of Elyvilon.
  2072 | D:3      | Found a radiant altar of Vehumet.
  2193 | D:3      | Reached XP level 5. HP: 42/46 MP: 4/4
  2211 | D:3      | Found a stormy altar of Qazlal.
  2253 | D:3      | Became a worshipper of Qazlal Stormbringer
  2585 | D:2      | Found a sparkling altar of Nemelex Xobeh.
  2937 | D:4      | HP: 2/46 [orc/short sword (2)]
  2938 | D:4      | Killed from afar by an orc wizard

Vault maps used:
D:1:      minmay_arrival_solitary_statue
D:2:      nicolae_overflow_hidden_temple, old_standard_altar,
          gammafunk_temple_overflow_statue
D:3:      fiery_altar_vehumet, grunt_qazlal_clouds
D:4:      uniq_crazy_yiuf_cottage

Action                   |  1- 3 |  4- 6 || total
-------------------------+-------+-------++-------
Melee: Long sword        |    51 |   105 ||   156
       Short sword       |    99 |       ||    99
  Use: Scroll            |     9 |     2 ||    11
       Potion            |       |     1 ||     1
  Eat: Chunk             |     1 |     4 ||     5
       Bread ration      |       |     1 ||     1
